[Event "Titled Tuesday Blitz June 8 2021"]
[White "Erigaisi Arjun"]
[Black "Rodriguez, Santiago"]
[WhiteFideId "35009192"]
[BlackFideId "3000591"]
[WhiteElo "2609"]
[BlackElo "2256"]
[Result "0-1"]
[Round "01"]
[TimeControl "180+1"]
[Date "2021.06.08"]
[WhiteClock "0:01:16"]
[BlackClock "0:00:18"]

1. c4 e5 2. Nc3 Nc6 3. Nf3 Nf6 4. e3 Bb4 5. Nd5 a5 6. a3 Bc5 7. Qc2 d6 8. b3 Nxd5 9. cxd5 Ne7 10. d4 exd4 11. exd4 Bb6 12. Bc4 Bf5 13. Bb5+ Kf8 14. Bd3 Bxd3 15. Qxd3 Nxd5 16. O-O Qf6 17. Re1 h6 18. Qe4 c6 19. Qg4 g6 20. h4 Kg7 21. Qd7 Rab8 22. h5 g5 23. Bd2 Rhd8 24. Qg4 Re8 25. Nxg5 hxg5 26. Bxg5 Qxd4 27. Qf5 Re5 28. h6+ Kf8 29. Qd7 Qxf2+ 30. Kh2 Rxg5 31. Qxd6+ Kg8 32. Qxb8+ Kh7 0-1


[Site "https://www.chess.com"]

[Event "Titled Tuesday Blitz June 8 2021"]
[White "Fiol, Fabrice"]
[Black "Petriashvili, Nikoloz"]
[WhiteFideId "611670"]
[BlackFideId "13611216"]
[WhiteElo "2405"]
[BlackElo "2430"]
[Result "1/2-1/2"]
[Round "01"]
[TimeControl "180+1"]
[Date "2021.06.08"]
[WhiteClock "0:00:16"]
[BlackClock "0:00:39"]

1. e4 c5 2. Nf3 Nc6 3. Bb5 g6 4. O-O Bg7 5. c3 Nf6 6. d4 d5 7. e5 Ne4 8. Ne1 cxd4 9. cxd4 h6 10. h4 Qb6 11. Bxc6+ bxc6 12. Nc3 Ba6 13. Nc2 Bxf1 14. Qxf1 O-O 15. Nxe4 dxe4 16. Qe2 c5 17. Qxe4 cxd4 18. Nxd4 Rfd8 19. Nc6 Rd1+ 20. Kh2 Re8 21. Be3 Rxa1 22. Bxb6 axb6 23. e6 f5 24. Qf3 h5 25. Qg3 Kh7 26. Ne5 Bxe5 27. Qxe5 Rxa2 28. Qb5 Rd8 29. Qxb6 Rd6 30. Qb3 Raa6 31. Qb8 Kg7 32. b4 Rab6 33. Qc7 Rxe6 34. Qc3+ Kf7 35. Qh8 Rxb4 36. Qh7+ Ke8 37. Qg8+ Kd7 38. Qa8 Rbb6 39. Qd5+ Ke8 40. Qd4 Rf6 41. Qa4+ Kf7 42. Qf4 Rbe6 43. g3 Kg7 44. Qc7 Re2 45. Kg2 Rd6 46. Qc3+ Kh7 47. Qc4 Rdd2 48. Qf7+ Kh6 49. Qf8+ Kh7 50. Qf7+ Kh6 51. Qf8+ Kh7 52. Qf7+ 1/2-1/2


[Site "https://www.chess.com"]

[Event "Titled Tuesday Blitz June 8 2021"]
[White "Florescu, Codrut-Constantin"]
[Black "Lazavik, Denis"]
[WhiteFideId "1202200"]
[BlackFideId "13515110"]
[WhiteElo "2243"]
[BlackElo "2436"]
[Result "0-1"]
[Round "01"]
[TimeControl "180+1"]
[Date "2021.06.08"]
[WhiteClock "0:00:54"]
[BlackClock "0:00:17"]

1. d4 Nf6 2. c4 e6 3. Nf3 d5 4. Bg5 Be7 5. e3 O-O 6. Nc3 Nbd7 7. Rc1 h6 8. Bf4 c5 9. a3 cxd4 10. exd4 dxc4 11. Bxc4 Nb6 12. Ba2 Nbd5 13. Be5 b6 14. O-O Bb7 15. Re1 Rc8 16. Qa4 Nxc3 17. bxc3 Bxf3 18. gxf3 Bd6 19. Bg3 Qe7 20. c4 Bxa3 21. Rb1 Bd6 22. d5 e5 23. Rbd1 Nd7 24. Bb1 f5 25. f4 e4 26. f3 Nc5 27. Qa2 e3 28. Re2 g5 29. Rg2 Kh7 30. fxg5 hxg5 31. Bxd6 Qxd6 32. Rxg5 Rc7 33. Bxf5+ Rxf5 34. Rxf5 Qg6+ 35. Kh1 Qxf5 36. Qb1 Qxb1 37. Rxb1 Nd3 38. Kg2 e2 39. c5 Rg7+ 40. Kh3 bxc5 41. d6 e1=Q 42. Rxe1 Nxe1 43. f4 Rd7 44. Kg4 Rxd6 45. Kf5 c4 46. Ke5 Rb6 47. f5 c3 48. f6 Kg6 49. f7 Kxf7 0-1


[Site "https://www.chess.com"]

[Event "Titled Tuesday Blitz June 8 2021"]
[White "Garcia, Gabriel Gonzaga"]
[Black "Ibrahimli, Murad"]
[WhiteFideId "2138956"]
[BlackFideId "13410229"]
[WhiteElo "2444"]
[BlackElo "2820"]
[Result "1/2-1/2"]
[Round "01"]
[TimeControl "180+1"]
[Date "2021.06.08"]
[WhiteClock "0:00:44"]
[BlackClock "0:00:15"]

1. e4 e5 2. Nf3 Nc6 3. Bc4 Bc5 4. c3 Nf6 5. d4 exd4 6. cxd4 Bb4+ 7. Bd2 Bxd2+ 8. Nbxd2 d5 9. exd5 Nxd5 10. Qb3 Nce7 11. O-O O-O 12. Rfe1 c6 13. Re2 Nb6 14. Bxf7+ Rxf7 15. Rae1 Nbd5 16. Ng5 Qb6 17. Rxe7 Rxe7 18. Rxe7 Bf5 19. Rxb7 Qxb3 20. Nxb3 Bc8 21. Rf7 h6 22. Rf3 hxg5 23. Rg3 g4 24. Na5 Bd7 25. Ra3 Rb8 26. b3 Rb4 27. Nc4 Nb6 28. Rxa7 Be6 29. Nxb6 Rxb6 30. Re7 Bd5 31. Re2 Ra6 32. h4 gxh3 33. gxh3 Kf7 34. Kh2 Kf6 35. Kg3 Ra8 36. Kf4 g5+ 37. Kg3 Rh8 38. Re3 Be6 39. Kg2 Bd5+ 40. Kg3 Ra8 41. Re2 Rb8 42. f4 gxf4+ 43. Kxf4 Rh8 44. Re3 Rh4+ 45. Kg3 Rxd4 46. Rc3 Rd2 47. a4 Rb2 48. a5 Ra2 49. Rc5 Ke5 50. h4 Kd4 51. Rc1 Rxa5 52. h5 Ra7 53. Kg4 Rg7+ 54. Kh4 Rg2 55. h6 Rh2+ 56. Kg5 Be4 57. Rc4+ Kd5 58. Rc3 Rg2+ 59. Kh5 Rh2+ 60. Kg5 Kd4 61. Rc4+ Kd5 62. Rc3 1/2-1/2


[Site "https://www.chess.com"]

[Event "Titled Tuesday Blitz June 8 2021"]
[White "Gavrilescu, David"]
[Black "Garrido Outon, Alex"]
[WhiteFideId "1227190"]
[BlackFideId "24516279"]
[WhiteElo "2852"]
[BlackElo "2466"]
[Result "1-0"]
[Round "01"]
[TimeControl "180+1"]
[Date "2021.06.08"]
[WhiteClock "0:01:13"]
[BlackClock "0:00:27"]

1. e4 c6 2. Nf3 g6 3. d4 d5 4. exd5 cxd5 5. Bb5+ Nc6 6. Ne5 Bd7 7. Nxd7 Qxd7 8. O-O Bg7 9. c3 Nf6 10. Re1 O-O 11. Nd2 Rae8 12. Nf3 Ne4 13. Bf4 Nd6 14. Bd3 f6 15. Qb3 Nf7 16. Rad1 e5 17. dxe5 fxe5 18. Bg3 Qe6 19. c4 d4 20. Be4 Na5 21. Qb5 Nxc4 22. Bd5 Ncd6 23. Qb3 Qf5 24. Nxd4 exd4 25. Bxd6 Rxe1+ 26. Rxe1 Rd8 27. Be6 Qf6 28. Bb4 Bf8 29. Bd2 Kg7 30. h4 b6 31. g4 Bc5 32. g5 Qe7 33. Qg3 Qf8 34. Qf4 Nd6 35. Qe5+ 1-0


[Site "https://www.chess.com"]

[Event "Titled Tuesday Blitz June 8 2021"]
[White "Golizadeh, Asghar"]
[Black "Nguyen, Anh Khoi"]
[WhiteFideId "12505269"]
[BlackFideId "12404675"]
[WhiteElo "2429"]
[BlackElo "2802"]
[Result "0-1"]
[Round "01"]
[TimeControl "180+1"]
[Date "2021.06.08"]
[WhiteClock "0:00:04"]
[BlackClock "0:00:39"]

1. e4 c5 2. Nf3 d6 3. Bb5+ Bd7 4. Bxd7+ Nxd7 5. O-O Ngf6 6. Re1 e6 7. c3 Be7 8. d4 d5 9. e5 Ne4 10. Nbd2 Nxd2 11. Bxd2 O-O 12. Rc1 Qb6 13. Qb3 Qa6 14. h4 Rfc8 15. a3 Nb6 16. Be3 Nc4 17. g3 Rc6 18. dxc5 Nxe3 19. Rxe3 Bxc5 20. Ree1 h6 21. Kg2 Rac8 22. Red1 Bb6 23. Nd4 Rc4 24. Nb5 Bc5 25. Nd6 Bxd6 26. exd6 Rd8 27. Rd4 Qc6 28. Rxc4 dxc4+ 0-1


[Site "https://www.chess.com"]

[Event "Titled Tuesday Blitz June 8 2021"]
[White "Grieve, Harry"]
[Black "Bortnyk, Olexandr"]
[WhiteFideId "426520"]
[BlackFideId "14120828"]
[WhiteElo "2191"]
[BlackElo "2723"]
[Result "1/2-1/2"]
[Round "01"]
[TimeControl "180+1"]
[Date "2021.06.08"]
[WhiteClock "0:00:04"]
[BlackClock "0:00:05"]

1. e4 Nf6 2. e5 Nd5 3. d4 d6 4. Nf3 dxe5 5. Nxe5 g6 6. Be2 Bg7 7. O-O O-O 8. c4 Nb6 9. Nc3 c6 10. Be3 Be6 11. b3 N8d7 12. Nf3 Nf6 13. Qd2 Re8 14. Rad1 Bg4 15. h3 Bxf3 16. Bxf3 e6 17. Rfe1 Nbd7 18. Bf4 Qa5 19. d5 cxd5 20. cxd5 e5 21. Bg5 Rac8 22. Rc1 h6 23. Be3 b6 24. d6 e4 25. Nxe4 Rxc1 26. Qxa5 Nxe4 27. Bxc1 bxa5 28. Rxe4 Rd8 29. Rc4 Ne5 30. Rc7 Rxd6 31. Be3 Nxf3+ 32. gxf3 a6 33. Rc5 h5 34. Rxa5 Bb2 35. Kg2 Kg7 36. Ra4 Kf6 37. Rc4 Ke6 38. Re4+ Kd5 39. a4 Rc6 40. Rb4 f5 41. Rb7 Be5 42. f4 Bd6 43. Kf3 Bc7 44. b4 Rc4 45. b5 a5 46. b6 Bd6 47. Ra7 Rxa4 48. b7 Ra2 49. Ra8 Rb2 50. Rxa5+ Ke6 51. Ra6 Kd7 52. Kg2 Rxb7 53. Ra2 Rb5 54. Kf3 Ke6 55. Rd2 Rb3 56. Ra2 Rb1 57. Ra6 Kd5 58. Ra5+ Ke6 59. Ra6 Rb5 60. Ra4 Rd5 61. Ra6 Kf6 62. Rc6 Kf7 63. Ra6 Rd1 64. Ra7+ Ke6 65. Ra6 Rd5 66. Rc6 Kd7 67. Ra6 Rb5 68. Ra7+ Ke8 69. Ra6 Ke7 70. Ra7+ Ke6 71. Ra6 Kd7 72. Ra7+ Kc6 73. Ra6+ Kd5 74. Ra7 Rb3 75. Rg7 Rb1 76. Rxg6 Rh1 77. Kg2 Rb1 78. Rg5 Ke4 79. Rxh5 Rb7 80. Rh6 Rg7+ 81. Kf1 Bb4 82. Re6+ Kf3 83. Re5 Rd7 84. Kg1 Rd1+ 85. Kh2 Be1 86. Rxf5 Bxf2 87. Bxf2 Rd2 88. h4 Rxf2+ 89. Kh3 Rf1 90. Kh2 Rf2+ 91. Kh3 Rf1 92. Kh2 Rf2+ 1/2-1/2


[Site "https://www.chess.com"]

[Event "Titled Tuesday Blitz June 8 2021"]
[White "Gritsenko, Nikolai"]
[Black "Martin Duque, Jesus"]
[WhiteFideId "14112493"]
[BlackFideId "2208954"]
[WhiteElo "2389"]
[BlackElo "2246"]
[Result "1/2-1/2"]
[Round "01"]
[TimeControl "180+1"]
[Date "2021.06.08"]
[WhiteClock "0:00:10"]
[BlackClock "0:00:25"]

1. e4 c5 2. Nf3 e6 3. d4 cxd4 4. Nxd4 Nc6 5. Nc3 Qc7 6. Ndb5 Qb8 7. Be3 Nf6 8. a3 Be7 9. Be2 O-O 10. O-O a6 11. Nd4 Qc7 12. f4 d6 13. Bf3 Bd7 14. Qe2 Nxd4 15. Bxd4 e5 16. fxe5 dxe5 17. Be3 Bc5 18. Bxc5 Qxc5+ 19. Qf2 Qxf2+ 20. Rxf2 Bc6 21. Rd2 Rfd8 22. Rad1 Rxd2 23. Rxd2 Kf8 24. Kf2 Ke7 25. Ke3 b5 26. Nd5+ Bxd5 27. exd5 Kd6 28. g4 h6 29. h4 Rc8 30. g5 hxg5 31. hxg5 Nd7 32. Bg4 Rc4 33. Bxd7 Kxd7 34. Rf2 Ke7 35. c3 Rg4 36. Rf5 f6 37. gxf6+ gxf6 38. d6+ Ke6 39. d7 Rg8 40. Rh5 Rd8 41. Rh7 Rxd7 42. Rh8 Kf5 43. Rh5+ Kg4 44. Rh6 Rd6 45. Rg6+ Kf5 46. Rg7 e4 47. Rh7 Rd3+ 48. Ke2 Kf4 49. Rh4+ Ke5 50. Rh8 f5 51. Rh5 Rg3 52. Kf2 Kf4 53. Rxf5+ Kxf5 54. Kxg3 a5 55. b3 Ke5 56. Kf2 a4 57. bxa4 bxa4 58. Ke3 Kd5 59. c4+ Kxc4 60. Kxe4 Kb3 61. Kd3 Kxa3 62. Kc2 Ka2 63. Kc1 a3 64. Kc2 Ka1 65. Kc1 Ka2 66. Kc2 Ka1 67. Kc1 a2 68. Kc2 1/2-1/2


[Site "https://www.chess.com"]

[Event "Titled Tuesday Blitz June 8 2021"]
[White "Guliev, Logman"]
[Black "Bekturov, Tamerlan"]
[WhiteFideId "13400061"]
[BlackFideId "13710184"]
[WhiteElo "2128"]
[BlackElo "2186"]
[Result "1-0"]
[Round "01"]
[TimeControl "180+1"]
[Date "2021.06.08"]
[WhiteClock "0:00:28"]
[BlackClock "0:00:15"]

1. e4 c6 2. d4 d5 3. exd5 cxd5 4. c4 Nf6 5. Nc3 g6 6. Qb3 Bg7 7. cxd5 O-O 8. Be2 Na6 9. Bf3 Nc7 10. Nge2 Rb8 11. a4 Bg4 12. Bxg4 Nxg4 13. O-O Nf6 14. Nf4 g5 15. Nfe2 h6 16. Ng3 Ncxd5 17. Nf5 e6 18. Nxg7 Kxg7 19. a5 Rc8 20. Re1 Nxc3 21. bxc3 Qd5 22. Qb2 Ne4 23. Bd2 Rc4 24. f3 Nxd2 25. Qxd2 Rfc8 26. Re3 Qf5 27. h4 Qf4 28. hxg5 Rxc3 29. gxh6+ Kh8 30. Rae1 Rc2 31. Qd3 Qxh6 32. d5 exd5 33. Re8+ Kg7 34. Qd4+ Kh7 35. Qh8+ Kg6 36. R1e6+ fxe6 37. Rxe6+ Kf5 38. Qxh6 Rc1+ 39. Kh2 Rh8 40. Rf6+ Ke5 41. Qxh8 1-0


[Site "https://www.chess.com"]

[Event "Titled Tuesday Blitz June 8 2021"]
[White "Harutjunyan, Gevorg"]
[Black "Meekins, Kristopher C"]
[WhiteFideId "13300873"]
[BlackFideId "2005964"]
[WhiteElo "2498"]
[BlackElo "2391"]
[Result "1-0"]
[Round "01"]
[TimeControl "180+1"]
[Date "2021.06.08"]
[WhiteClock "0:01:06"]
[BlackClock "0:00:18"]

1. e4 e5 2. Nf3 Nc6 3. d4 exd4 4. Nxd4 Bc5 5. Nxc6 Qf6 6. Qf3 dxc6 7. Bc4 Qxf3 8. gxf3 Ne7 9. Be3 Bxe3 10. fxe3 Be6 11. Nd2 O-O-O 12. Bxe6+ fxe6 13. Nc4 Ng6 14. Ke2 Rhf8 15. f4 c5 16. a4 Ne7 17. Rhg1 g6 18. Rg5 b6 19. a5 Nc6 20. c3 Kb7 21. h4 Rf7 22. h5 gxh5 23. a6+ Kc8 24. Rh1 Nb8 25. Rgxh5 Nxa6 26. Rxh7 Rxh7 27. Rxh7 Re8 28. Kf3 Nb8 29. Ne5 a5 30. c4 Kb7 31. Nf7 Kc6 32. f5 Nd7 33. Kf4 e5+ 34. Kf3 Re7 35. Nd8+ Kd6 36. Nb7+ 1-0


[Site "https://www.chess.com"]

[Event "Titled Tuesday Blitz June 8 2021"]
[White "Herman, Matthew"]
[Black "Siva Mahadevan"]
[WhiteFideId "2028964"]
[BlackFideId "25043153"]
[WhiteElo "2445"]
[BlackElo "2827"]
[Result "0-1"]
[Round "01"]
[TimeControl "180+1"]
[Date "2021.06.08"]
[WhiteClock "0:00:03"]
[BlackClock "0:00:20"]

1. e4 c5 2. Nf3 Nc6 3. d4 cxd4 4. Nxd4 Nf6 5. Nc3 d6 6. Bc4 e6 7. Be3 a6 8. Qe2 Qc7 9. O-O-O Na5 10. Bd3 b5 11. g4 b4 12. Na4 Bd7 13. b3 Bxa4 14. bxa4 Be7 15. g5 Nd7 16. Bxa6 O-O 17. Bb5 Nb6 18. h4 Qc3 19. Nb3 Qc7 20. Bxb6 Qxb6 21. Rh3 Rfc8 22. f4 Nc6 23. Kb1 Rc7 24. h5 Rac8 25. Rd2 Na7 26. h6 g6 27. e5 d5 28. Rhd3 Nxb5 29. axb5 Qxb5 30. Rd4 Qb6 31. Qd1 Bc5 32. R4d3 Be3 33. Re2 Bxf4 34. Rg2 Bxe5 0-1


[Site "https://www.chess.com"]

[Event "Titled Tuesday Blitz June 8 2021"]
[White "Holt, Conrad"]
[Black "Bon, Michael"]
[WhiteFideId "2034387"]
[BlackFideId "620696"]
[WhiteElo "2786"]
[BlackElo "2425"]
[Result "0-1"]
[Round "01"]
[TimeControl "180+1"]
[Date "2021.06.08"]
[WhiteClock "0:00:01"]
[BlackClock "0:00:35"]

1. d4 d5 2. c4 Nc6 3. Nf3 Bg4 4. e3 e5 5. cxd5 Qxd5 6. Nc3 Bb4 7. Be2 exd4 8. exd4 Bxf3 9. Bxf3 Qc4 10. Be3 Bxc3+ 11. bxc3 Qxc3+ 12. Kf1 Nge7 13. Rc1 Qb4 14. d5 O-O-O 15. g3 Nxd5 16. Qe2 Rhe8 17. Bxd5 Rxd5 18. Kg2 Qe4+ 19. Qf3 Qxf3+ 20. Kxf3 Rd6 21. Rc5 b6 22. Rg5 g6 23. Rc1 f5 24. Bf4 Nd4+ 25. Kg2 Rc6 26. Rxc6 Nxc6 27. g4 Ne7 28. gxf5 Nxf5 29. Kf3 c5 30. Rg1 Kb7 31. Rd1 Kc6 32. Kg4 Re6 33. Kf3 c4 34. Bd2 b5 35. Bb4 Kb6 36. Rd2 a5 37. Bf8 b4 38. Rd8 Kb5 39. Rb8+ Ka4 40. Ra8 c3 41. Rc8 Ka3 42. Rxc3+ Kxa2 43. Rc2+ Kb1 44. Rc8 Rb6 45. Bc5 Rb5 46. Ke4 b3 47. Kd3 b2 48. Ba3 Ka2 49. Bxb2 Kxb2 50. Rc4 Kb3 51. Rc3+ Ka2 52. Rc2+ Ka3 53. Rc1 a4 0-1


[Site "https://www.chess.com"]

[Event "Titled Tuesday Blitz June 8 2021"]
[White "Ibarra Jerez, Jose Carlos"]
[Black "Chernomordik, Pavel"]
[WhiteFideId "2226332"]
[BlackFideId "2804530"]
[WhiteElo "2835"]
[BlackElo "2449"]
[Result "0-1"]
[Round "01"]
[TimeControl "180+1"]
[Date "2021.06.08"]
[WhiteClock "0:00:07"]
[BlackClock "0:00:05"]

1. e4 g6 2. d4 Bg7 3. Nf3 d6 4. Bc4 e6 5. O-O b6 6. c3 Bb7 7. Re1 Nd7 8. Bf4 Ne7 9. Nbd2 O-O 10. a4 a6 11. Qe2 d5 12. exd5 Nxd5 13. Bg3 c5 14. Rad1 Qe7 15. Ne4 Rfd8 16. Nd6 Bc6 17. Bb3 N7f6 18. dxc5 bxc5 19. Nxf7 Qxf7 20. Ng5 Qe8 21. Nxe6 Bxa4 22. Bxa4 Qxa4 23. Nxd8 Rxd8 24. Qe6+ Kh8 25. c4 Re8 26. Qd6 Nb4 27. Rxe8+ Nxe8 28. Qd8 Bf6 29. Qd2 Qc2 30. Qd7 Qe2 31. h3 Bd4 32. Rxd4 cxd4 33. Qxd4+ Kg8 34. Qb6 Qxc4 35. Qb7 a5 36. Qe7 Qf7 37. Qc5 Qd5 38. Qe7 Qf7 39. Qd8 Nc6 40. Qa8 Qd7 41. Qa6 Kf7 42. Qc4+ Qe6 43. Qb5 Nf6 44. Kh2 Nd7 45. Qb7 g5 46. Qc7 Kg6 47. Bd6 Nce5 48. Qc2+ Qf5 49. Qd2 Qf4+ 50. Qxf4 gxf4 51. b3 Kf5 52. Bc7 Nc5 53. Bxa5 Nxb3 54. Bc3 Nc5 55. Bd2 Ne4 56. Be1 Nd3 57. g4+ fxg3+ 58. fxg3 Nxe1 59. g4+ Kf4 60. Kh1 Kg3 61. g5 Nf3 62. g6 hxg6 63. h4 Nxh4 64. Kg1 g5 65. Kh1 g4 66. Kg1 Kh3 67. Kh1 g3 68. Kg1 Nf3+ 69. Kh1 g2# 0-1


[Site "https://www.chess.com"]

[Event "Titled Tuesday Blitz June 8 2021"]
[White "Ibrayev, Nurlan"]
[Black "Narayanan.S.L"]
[WhiteFideId "13700650"]
[BlackFideId "5058422"]
[WhiteElo "2366"]
[BlackElo "2617"]
[Result "0-1"]
[Round "01"]
[TimeControl "180+1"]
[Date "2021.06.08"]
[WhiteClock "0:01:21"]
[BlackClock "0:01:52"]

1. d4 c5 2. d5 e5 3. e4 d6 4. Nc3 a6 5. a4 g6 6. Be2 h5 7. Nf3 Bg4 8. Nd2 Bxe2 9. Qxe2 Nd7 10. Nc4 Nb6 11. Na3 Bh6 12. O-O Bxc1 13. Raxc1 Nf6 14. a5 Nbd7 15. Nc4 Qe7 16. h3 h4 17. Rb1 Nh5 18. b4 Nf4 19. Qf3 cxb4 20. Rxb4 Nc5 21. Nb6 Rd8 22. Ne2 Nxe2+ 23. Qxe2 O-O 24. Rfb1 Kg7 25. Na4 Nxa4 26. Rxa4 Rd7 27. Rab4 Rc8 28. Rb6 Rc5 29. Qd2 Rdc7 30. Qb4 Rxc2 31. Qxd6 Rc1+ 32. Rxc1 Rxc1+ 33. Kh2 Qg5 0-1


[Site "https://www.chess.com"]

[Event "Titled Tuesday Blitz June 8 2021"]
[White "Ivanisevic, Ivan"]
[Black "Krzywda, Andrzej"]
[WhiteFideId "912417"]
[BlackFideId "1114565"]
[WhiteElo "2499"]
[BlackElo "2100"]
[Result "0-1"]
[Round "01"]
[TimeControl "180+1"]
[Date "2021.06.08"]
[WhiteClock "0:00:02"]
[BlackClock "0:00:17"]

1. d4 Nf6 2. c4 c5 3. d5 Ne4 4. Qc2 f5 5. Nd2 Qa5 6. g4 d6 7. Bg2 Nd7 8. gxf5 Nef6 9. Nh3 Ne5 10. O-O g6 11. Ng5 Bxf5 12. e4 Bd7 13. f4 Neg4 14. Ndf3 Bg7 15. Bd2 Qb6 16. Rae1 O-O 17. Ne6 Bxe6 18. dxe6 Qc7 19. Kh1 b5 20. f5 bxc4 21. fxg6 hxg6 22. e5 dxe5 23. Qxg6 e4 24. Rxe4 Nxe4 25. Qxe4 Rxf3 26. Qxa8+ Rf8 27. Qxf8+ Bxf8 28. Bf4 Qd8 29. Bh3 Qd5+ 30. Bg2 Qd3 31. h4 Bh6 32. Bb8 Be3 33. Bf3 Nf2+ 34. Kh2 Qd2 35. Kg3 Qxb2 36. Bf4 Bxf4+ 37. Kxf4 Qd4+ 38. Kg3 Ne4+ 39. Kh3 Qe3 40. Kg4 Nf2+ 41. Kg3 Nd3 42. Kg2 Qxe6 43. Kg3 Qe5+ 44. Kg2 Kh8 45. Bg4 Nf4+ 46. Kf3 Qe2+ 47. Kxf4 Qxf1+ 48. Kg5 c3 49. h5 c2 0-1


[Site "https://www.chess.com"]

[Event "Titled Tuesday Blitz June 8 2021"]
[White "Ivic, Velimir"]
[Black "Manukyan, Sargis A."]
[WhiteFideId "950122"]
[BlackFideId "13303970"]
[WhiteElo "2843"]
[BlackElo "2452"]
[Result "1-0"]
[Round "01"]
[TimeControl "180+1"]
[Date "2021.06.08"]
[WhiteClock "0:00:25"]
[BlackClock "0:00:14"]

1. e4 e6 2. d4 d5 3. Nc3 Bb4 4. e5 c5 5. a3 Bxc3+ 6. bxc3 Ne7 7. Qg4 O-O 8. Bd3 Nbc6 9. Nf3 f5 10. Qg3 Qa5 11. Bd2 Qa4 12. dxc5 Qg4 13. O-O Ng6 14. Rfe1 Bd7 15. a4 Rac8 16. a5 a6 17. Bf1 h5 18. h3 Qxg3 19. fxg3 Na7 20. c4 dxc4 21. Bxc4 Rxc5 22. Bb3 Rcc8 23. Nd4 Rfe8 24. Nxf5 Nb5 25. Bb4 Kh7 26. Rad1 Bc6 27. Nd6 Nxd6 28. Rxd6 Nf8 29. c4 Rc7 30. Red1 Rf7 31. Bc2+ Kh6 32. Bd2+ g5 33. h4 Nh7 34. Be3 Ree7 35. Rd8 Rg7 36. Rf1 Ref7 37. Rh8 Rxf1+ 38. Kxf1 Rf7+ 39. Ke1 Kg7 40. Rxh7+ Kg8 41. Rxf7 Kxf7 42. Bxg5 Bxg2 43. c5 Bc6 44. Kf2 Bd5 45. Ke3 Bc6 46. Be4 Bb5 47. Bxb7 Bc4 48. c6 Bd5 49. Kd4 Ke8 50. Kc5 Kf7 51. Kb6 Ke8 52. c7 1-0


[Site "https://www.chess.com"]

[Event "Titled Tuesday Blitz June 8 2021"]
[White "Kakabayev, Mergen"]
[Black "Samadov, Read"]
[WhiteFideId "14002990"]
[BlackFideId "13417444"]
[WhiteElo "2433"]
[BlackElo "2807"]
[Result "1/2-1/2"]
[Round "01"]
[TimeControl "180+1"]
[Date "2021.06.08"]
[WhiteClock "0:00:17"]
[BlackClock "0:00:16"]

1. e4 e5 2. Nf3 Nc6 3. Bb5 a6 4. Ba4 Nf6 5. O-O b5 6. Bb3 Be7 7. Re1 O-O 8. c3 d6 9. h3 Be6 10. Bc2 Re8 11. d4 exd4 12. cxd4 Nb4 13. Bb3 Bxb3 14. Qxb3 d5 15. e5 Ne4 16. Nc3 Nxc3 17. Qxc3 Qd7 18. Bd2 a5 19. Rec1 Rec8 20. a3 Na6 21. Qc6 Qxc6 22. Rxc6 Nb8 23. Rc2 Nd7 24. Rac1 c5 25. dxc5 Rxc5 26. Rxc5 Bxc5 27. Bxa5 Rxa5 28. b4 Bxb4 29. axb4 Ra8 30. Rc7 Rd8 31. Rb7 Nf8 32. Nd4 Ne6 33. Nxe6 fxe6 34. Kf1 Rc8 35. Rxb5 Rc2 36. Rb7 Rb2 37. b5 h6 38. b6 Kh7 39. f4 Kg6 40. g4 Rb3 41. Ke2 h5 42. Kd2 h4 43. Kc2 Rb4 44. Kc3 Rxf4 45. Re7 Rc4+ 46. Kd3 Rb4 47. Rxe6+ Kf7 48. Rd6 Ke7 49. Kc3 Rc4+ 50. Kb3 Rc8 51. b7 Rb8 52. Rb6 Kd7 53. Kc3 Kc7 54. Rb1 Rxb7 55. Rxb7+ Kxb7 56. Kd4 Kc6 57. e6 Kd6 58. e7 Kxe7 59. Kxd5 Kf6 60. Kd6 Kf7 61. Ke5 Kg6 62. Kf4 Kf6 63. g5+ Ke6 64. Kg4 g6 65. Kf4 Kd5 66. Kg4 Ke4 67. Kxh4 Kf4 1/2-1/2


[Site "https://www.chess.com"]

[Event "Titled Tuesday Blitz June 8 2021"]
[White "Kazakouski, Valery"]
[Black "Sokolin, Leonid"]
[WhiteFideId "13507443"]
[BlackFideId "2009161"]
[WhiteElo "2546"]
[BlackElo "2394"]
[Result "1-0"]
[Round "01"]
[TimeControl "180+1"]
[Date "2021.06.08"]
[WhiteClock "0:00:35"]
[BlackClock "0:00:07"]

1. d4 e6 2. c4 Bb4+ 3. Bd2 a5 4. e4 d5 5. cxd5 exd5 6. e5 Ne7 7. Nc3 c5 8. a3 Bxc3 9. bxc3 Nbc6 10. a4 cxd4 11. cxd4 Nxd4 12. Be3 Ndf5 13. Bc5 O-O 14. Nf3 Re8 15. Bd3 Nc6 16. O-O b6 17. Ba3 Nxe5 18. Nxe5 Rxe5 19. Re1 Rxe1+ 20. Qxe1 Be6 21. Qe5 Qf6 22. Qxf6 gxf6 23. Rb1 Rc8 24. Bb2 Kg7 25. f3 Nd6 26. Bd4 Bf5 27. Rxb6 Bxd3 28. Rxd6 Rc1+ 29. Kf2 Rc2+ 30. Ke3 Bc4 31. Bxf6+ Kg6 32. Bd4+ Kf5 33. Rf6+ Kg5 34. h4+ Kxh4 35. Kf4 h5 36. Rh6 Rxg2 37. Bf6+ Rg5 38. Bxg5+ Kh3 39. Rxh5+ Kg2 40. Bf6 Kf2 41. Bc3 Ke2 42. Bxa5 1-0


[Site "https://www.chess.com"]

[Event "Titled Tuesday Blitz June 8 2021"]
[White "Khanin, Semen"]
[Black "Rottenwohrer Suarez, Juan"]
[WhiteFideId "4111990"]
[BlackFideId "32068182"]
[WhiteElo "2793"]
[BlackElo "2427"]
[Result "1-0"]
[Round "01"]
[TimeControl "180+1"]
[Date "2021.06.08"]
[WhiteClock "0:01:26"]
[BlackClock "0:00:05"]

1. c4 Nf6 2. Nc3 g6 3. g3 Bg7 4. Bg2 O-O 5. d3 d6 6. e4 c5 7. Nge2 Nc6 8. O-O Rb8 9. a4 a6 10. h3 e5 11. f4 exf4 12. gxf4 Nh5 13. Be3 Nd4 14. Bxd4 cxd4 15. Nd5 b5 16. cxb5 axb5 17. a5 Bb7 18. Qb3 Bxd5 19. Qxd5 Ra8 20. a6 Qb6 21. Qb7 Rfb8 22. Qxb6 Rxb6 23. a7 Rb7 24. e5 Raxa7 25. Bxb7 Rxb7 26. Ra8+ Bf8 27. Nxd4 dxe5 28. fxe5 Kg7 29. Nc6 Rc7 30. Ra6 Ng3 31. Rf3 Nf5 32. Rxf5 gxf5 33. d4 Rd7 34. Kf2 1-0


[Site "https://www.chess.com"]

[Event "Titled Tuesday Blitz June 8 2021"]
[White "Klekowski, Maciej"]
[Black "Hoffmann, Asa"]
[WhiteFideId "1132717"]
[BlackFideId "2001470"]
[WhiteElo "2454"]
[BlackElo "2117"]
[Result "1-0"]
[Round "01"]
[TimeControl "180+1"]
[Date "2021.06.08"]
[WhiteClock "0:01:29"]
[BlackClock "0:00:29"]

1. e4 d6 2. Nc3 c6 3. f4 g6 4. Nf3 Bg7 5. Bc4 Nf6 6. Bb3 d5 7. e5 Ne4 8. Nxe4 dxe4 9. Ng5 O-O 10. Nxe4 Bf5 11. Ng3 e6 12. d4 Qb6 13. Be3 a5 14. a4 Na6 15. Nxf5 gxf5 16. g4 fxg4 17. Qxg4 Kh8 18. f5 exf5 19. Qxf5 Nb4 20. Rg1 Rg8 21. O-O-O Nd5 22. Rg3 Nxe3 23. Rxe3 Rad8 24. Rh3 h6 25. Bxf7 Rxd4 26. Rxd4 Qxd4 27. Bxg8 Qg1+ 28. Kd2 Qg2+ 29. Kd3 Kxg8 30. Qf3 Qg6+ 31. Qe4 Qe6 32. Rg3 Kh8 33. Qg6 Qd5+ 34. Ke2 Qxe5+ 35. Re3 Qxh2+ 36. Kd3 1-0


[Site "https://www.chess.com"]

[Event "Titled Tuesday Blitz June 8 2021"]
[White "Koelle, Tobias"]
[Black "Quparadze, Giga"]
[WhiteFideId "16207378"]
[BlackFideId "13602250"]
[WhiteElo "2364"]
[BlackElo "2658"]
[Result "0-1"]
[Round "01"]
[TimeControl "180+1"]
[Date "2021.06.08"]
[WhiteClock "0:02:15"]
[BlackClock "0:02:41"]

1. d4 Nf6 2. c4 e6 3. Nc3 Bb4 4. Qc2 Nc6 5. Nf3 d6 6. e4 O-O 7. Bd3 e5 8. a3 exd4 9. axb4 Nxb4 10. Qd2 dxc3 11. bxc3 Nxd3+ 12. Qxd3 Nxe4 13. O-O Nc5 14. Qd4 Nb3 15. Qxg7+ Kxg7 16. Bh6+ Kxh6 17. Ra6 bxa6 18. Rc1 Nxc1 19. Ne5 dxe5 0-1


[Site "https://www.chess.com"]